 Dungeon Crawl Stone Soup version 0.19.3-4-gbf9329e (webtiles) character file.

91 esteth the Charmwright (level 4, -2/33 HPs)
             Began as a Merfolk Skald on Jan 28, 2017.
             Succumbed to an orc wizard's poison
             ... on level 3 of the Dungeon.
             The game lasted 00:04:54 (2283 turns).

esteth the Charmwright (Merfolk Skald)              Turns: 2283, Time: 00:04:55

Health: -2/33      AC:  5    Str: 15    XL:     4   Next: 57%
Magic:  5/7        EV: 11    Int: 12    God:
Gold:   113        SH:  0    Dex: 13    Spells: 2 memorised, 4 levels left

rFire  . . .     SeeInvis .     a - +0 spear
rCold  . . .     Gourm    .     b - +0 leather armour
rNeg   . . .     Faith    .     (no shield)
rPois  .         Spirit   .     (no helmet)
rElec  .         Reflect  .     s - +0 cloak
rCorr  .         Harm     .     r - +0 pair of gloves
MR     .....                    (no boots)
Stlth  +.........               (no amulet)
                                (no ring)
                                j - +3 ring of strength

@: lethally poisoned (-2 -> -30), infused, singing
A: change form in water, swift swim, stealthy swim
a: Stop Singing


You were on level 3 of the Dungeon.
You were not hungry.

You visited 1 branch of the dungeon, and saw 4 of its levels.
You also visited: Ossuary.

You collected 113 gold pieces.

Inventory:

Hand Weapons
 a - a +0 spear (weapon)
Armour
 b - a +0 leather armour (worn)
 r - a +0 pair of gloves (worn)
 s - a +0 cloak (worn)
Jewellery
 j - a +3 ring of strength (left hand)
Scrolls
 f - 2 scrolls of amnesia {unknown}
 i - 5 scrolls of identify {unknown}
 l - 4 scrolls of remove curse {unknown}
 t - 3 scrolls of fear {unknown}
 u - a scroll of fog {unknown}
Potions
 h - 2 potions of lignification {unknown}
 k - a potion of brilliance {unknown}
 m - 3 potions of heal wounds {unknown}
 o - 2 potions of curing {unknown}
Books
 c - a book of Battle

   Spells                             Type                      Level
   a - Infusion                       Charms                       1
   b - Shroud of Golubria             Charms/Translocation         2
   c - Song of Slaying                Charms                       2
   d - Spectral Weapon                Hexes/Charms                 3
   e - Regeneration                   Charms/Necromancy            3
Comestibles
 d - 3 bread rations
 g - a beef jerky
 n - 6 fruits
 p - 3 chunks of flesh
 q - 2 meat rations


   Skills:
 - Level 2.1 Fighting
 - Level 3.0 Polearms
 - Level 0.6 Armour
 - Level 1.3 Dodging
 - Level 2.0 Spellcasting
 + Level 5.7 Charms


You had 4 spell levels left.
You knew the following spells:

 Your Spells              Type           Power        Failure   Level  Hunger
a - Infusion              Chrm           ##..         3%          1    ##.....
b - Song of Slaying       Chrm           ##......     6%          2    ###....


Dungeon Overview and Level Annotations

Branches:
Dungeon (4/15)
 Temple: D:4-7

Altars:

Annotations:
D:4 sankara's ghost, amateur DrAr


Message History

The orc throws a tomahawk of returning.
The tomahawk of returning closely misses you.
The weapon returns to the orc!
Casting: Song of Slaying
Confirm with . or Enter, or press ? or * to list all spells.
You begin infusing your attacks with magical energy.
You feel sick.
The orc wizard hits you with a dagger of venom.
You are more poisoned.
The orc throws a tomahawk of returning.
The tomahawk of returning hits you.
You barely miss the orc wizard.
The orc wizard is moderately wounded.
You feel sick.
The orc wizard hits you but does no damage.
You are more poisoned.
The orc wizard gestures at you while chanting.
The puff of flame hits you!
* * * LOW HITPOINT WARNING * * *
It was a potion of cure mutation.
It has a very clean taste.
You die...

###+########
#..........#+####
#...............#
#......รท......#
#.............#
###'#######...#
#.# #.......#+##
#.# #+##@o.....#
#.# #o##....# ##
#.# #)# ....#
..... #.# #o#
#...# ..... #.#
#.. ..##
.....+##.# ...
#.# #........##
... #.........+
.... #........##


You could see an orc wizard and 2 orcs.

Vanquished Creatures
  2 adders
  A worm (D:2)
  A dart slug (D:1)
  A leopard gecko (D:1)
  An orc (D:3)
  A ball python (D:4)
  3 bats
  2 giant cockroaches (D:2)
  10 goblins
  3 hobgoblins
  10 jackals
  3 quokkas
  6 frilled lizards
  A gnoll skeleton (Ossuary)
  4 kobolds (D:1)
  2 kobold skeletons (Ossuary)
  5 orc skeletons (Ossuary)
  8 rats
64 creatures vanquished.

Notes
Turn   | Place    | Note
-------+----------+-------------------------------------------
     0 | D:1      | esteth the Merfolk Skald began the quest for the Orb.
     0 | D:1      | Reached XP level 1. HP: 16/16 MP: 3/3
   211 | D:1      | Reached XP level 2. HP: 15/22 MP: 5/5
   227 | D:1      | Reached skill level 4 in Charms
   587 | D:1      | Reached XP level 3. HP: 25/27 MP: 6/6
  1287 | D:2      | Reached skill level 5 in Charms
  1649 | D:2      | Reached XP level 4. HP: 29/33 MP: 7/7
  1702 | D:2      | You fall through a shaft for 2 floors!
  1738 | D:4      | Found a sand-covered staircase.
  1864 | Ossuary  | Entered an ossuary
  1864 | Ossuary  | Noticed a wraith
  1864 | Ossuary  | Noticed a wraith
  1864 | Ossuary  | Noticed a wraith
  1873 | Ossuary  | Learned a level 2 spell: Song of Slaying
  1983 | D:4      | Noticed sankara's ghost (amateur DrAr)
  2282 | D:3      | HP: 1/33 [orc wizard/puff of flame (10)]
  2283 | D:3      | Succumbed to an orc wizard's poison

Skill      XL: |  1  2  3 |
---------------+----------+-----
Charms         | 4 5 |  5.7
Fighting       | |  2.1
Polearms       | |  3.0
Armour         | |  0.6
Dodging        | |  1.3
Spellcasting   | |  2.0

Action                   |  1- 3 |  4- 6 || total
-------------------------+-------+-------++-------
Melee: Spear             |   171 |    90 ||   261
 Cast: Infusion          |       |     3 ||     3
       Song of Slaying   |       |     2 ||     2
  Use: Potion            |       |     1 ||     1
 Stab: Sleeping          |     1 |     1 ||     2
  Eat: Chunk             |     3 |     2 ||     5
Armor: Leather armour    |    43 |    37 ||    80
Dodge: Dodged            |    69 |    69 ||   138
